 Dungeon Crawl Stone Soup version 0.27-a0-1245-g940ed4fa31 (webtiles) character file.

Game seed: 12868876785218425594

1426 pokeman the Thaumaturge (level 8, -13/45 HPs)
             Began as a Deep Elf Hedge Wizard on June 9, 2021.
             Killed from afar by Ijyb (20 damage)
             ... with a bolt of acid
             ... on level 4 of the Dungeon on June 10, 2021.
             The game lasted 00:18:19 (6291 turns).

pokeman the Thaumaturge (Deep Elf Hedge Wizard)     Turns: 6291, Time: 00:18:21

Health: -13/45     AC:  4    Str:  7    XL:     8   Next: 44%
Magic:  8/23       EV: 12    Int: 22    God:
Gold:   241        SH:  0    Dex: 14    Spells: 15/26 levels left

rFire    . . .     SeeInvis .   q - +4 scimitar
rCold    . . .     Faith    .   (no shield)
rNeg     . . .     Spirit   .   u - +0 leather armour
rPois    .         Reflect  .   c - +1 hat
rElec    .         Harm     .   (no cloak)
rCorr    .         Rampage  .   (no gloves)
Will     .....                  (no boots)
Stlth    ++........             g - amulet of regeneration
HPRegen  1.15/turn              (no ring)
MPRegen  0.18/turn              (no ring)

@: lethally poisoned (-13 -> -25), about to teleport
A: no striking features
a: no special abilities


You were on level 4 of the Dungeon.
You visited 1 branch of the dungeon, and saw 4 of its levels.
You also visited: Sewer.

You collected 241 gold pieces.

Inventory:

Hand Weapons
 q - a +4 scimitar (weapon)
 r - a +0 hand crossbow
Missiles
 e - 6 arrows
 i - 50 bolts
Armour
 b - a +0 kite shield
 c - a +1 hat (worn)
 u - a +0 leather armour (worn)
Magical Staves
 h - a staff of air
Jewellery
 g - an amulet of regeneration (around neck)
Scrolls
 a - a scroll of blinking {unknown}
 f - a scroll of teleportation
 j - 6 scrolls of identify {unknown}
 k - a scroll of amnesia {unknown}
 p - a scroll of enchant weapon {unknown}
 s - a scroll of fear {unknown}
 v - a scroll of fog {unknown}
Potions
 d - 4 potions of curing
 l - 5 potions of flight {unknown}
 m - a potion of lignification {unknown}
 n - 2 potions of brilliance {unknown}
 o - a potion of degeneration {unknown}
 t - 2 potions of attraction {unknown}


   Skills:
 - Level 2.5 Fighting
 + Level 1.0 Armour
 - Level 3.1 Dodging
 - Level 3.3 Stealth
 - Level 1.0 Shields
 * Level 9.7 Spellcasting
 + Level 5.0 Conjurations
 - Level 1.1 Summonings
 - Level 1.1 Translocations
 + Level 3.9 Fire Magic
 - Level 1.0 Air Magic
 - Level 1.2 Poison Magic
 - Level 1.0 Evocations


You had 15 spell levels left.
You knew the following spells:

 Your Spells              Type           Power      Damage    Failure   Level
a - Magic Dart            Conj           100%       1d8       1%          1
b - Mephitic Cloud        Conj/Pois/Air  21%        N/A       10%         3
c - Call Imp              Summ           15%        N/A       9%          2
d - Blink                 Tloc           N/A        N/A       9%          2
e - Conjure Flame         Conj/Fire      30%        6-21      4%          3

Your spell library contained the following spells:

 Spells                   Type           Power      Damage    Failure   Level
 Slow                     Hex            10%        N/A       14%         2


Dungeon Overview and Level Annotations

Branches:
Dungeon (4/15)              Sewer (visited)
 Temple: D:4-7

Altars:
Elyvilon
Sif Muna
Trog
Yredelemnul

Annotations:
D:4 Ijyb


Message History

Unknown command.
A kobold opens the door.
Ijyb hits you with a +0 dagger.
* * * LOW HITPOINT WARNING * * *
Unknown command.
Casting: Mephitic Cloud (dangerous; 10% risk of failure)
Confirm with . or Enter, or press ? or * to list all spells.
You blink.
Unknown command.
Casting: Blink (safe; 9% risk of failure)
Confirm with . or Enter, or press ? or * to list all spells.
Aiming: Mephitic Cloud (dangerous; 10% risk of failure)
Press: ? - help, Shift-Dir - straight line, p - Ijyb The ball explodes into a vile cloud!
The stinking cloud engulfs Ijyb but does no damage.
The kobold throws a poisoned dart.
The poisoned dart misses you.
Unknown command.
The kobold throws a poisoned dart.
The poisoned dart barely misses you. Ijyb screams, "Me kill you!"
Casting: Mephitic Cloud (dangerous; 10% risk of failure)
Confirm with . or Enter, or press ? or * to list all spells.
Aiming: Mephitic Cloud (dangerous; 10% risk of failure)
Press: ? - help, Shift-Dir - straight line The ball explodes into a vile cloud!
The stinking cloud engulfs Ijyb but does no damage.
The kobold throws a poisoned dart.
The poisoned dart hits you!
You are poisoned.
Unknown command.
As you read the scroll of teleportation, it crumbles to dust.
You feel strangely unstable.
You feel sick.
The kobold throws a poisoned dart.
The poisoned dart hits you!
You are more poisoned.
Unknown command.
You slash Ijyb!
Ijyb is moderately wounded.
You feel very sick.
The kobold throws a poisoned dart.
The poisoned dart hits you!
You are lethally poisoned!
Ijyb zaps a wand.
The bolt of acid hits you!!
You die...

####'### ##......##
#...§§§○.# .#...§§§○.#
..'.K≈.....###
.##...§§≈.§'.#
#...§.☼○.#.#
#.....g..#.#
##....@.##.###########
###+####.............
#.####........
#.####..####.#
#.##....#
#.##.#..#......
#.......#......
###........[.._..
#...<..##)#......


You could see Ijyb (resistant) and a kobold.

Vanquished Creatures
  Pikel (D:4)
  Grinder (Sewer)
  3 lemures (D:4)
  A gnoll sergeant (D:3)
  2 wights (Sewer)
  5 howler monkeys (D:3)
  A jelly (D:4)
  2 iguanas
  An orc wizard (D:3)
  16 gnolls
  2 adders (D:3)
  A shadow imp (Sewer)
  2 ufetubi (Sewer)
  2 worms
  A dart slug (D:4)
  18 orcs (D:3)
  6 ball pythons
  3 endoplasms (D:3)
  7 giant cockroaches
  A goblin (D:2)
  7 hobgoblins
  12 jackals
  5 quokkas
  4 bats
  A frilled lizard (D:1)
  26 kobolds
  A kobold zombie (Sewer)
  4 rats
136 creatures vanquished.

Vanquished Creatures (collateral kills)
  A necrophage (Sewer)
  A gnoll (D:3)
  A worm (D:3)
  2 orcs (D:3)
  A giant cockroach (D:3)
  A quokka (D:3)
  A bat (D:3)
8 creatures vanquished.

Vanquished Creatures (others)
  2 plants (D:3)
2 creatures vanquished.

Grand Total: 146 creatures vanquished

Notes
Turn   | Place    | Note
-------+----------+-------------------------------------------
     0 | D:1      | pokeman the Deep Elf Hedge Wizard began the quest for the
                  | Orb.
     0 | D:1      | Reached XP level 1. HP: 10/10 MP: 7/7
   336 | D:1      | Reached XP level 2. HP: 11/16 MP: 0/9
   711 | D:1      | Reached skill level 5 in Spellcasting
   888 | D:1      | Found a faded altar of an unknown god.
  1273 | D:1      | Reached XP level 3. HP: 20/20 MP: 3/11
  1747 | D:2      | Learned a level 3 spell: Mephitic Cloud
  1750 | D:2      | Learned a level 2 spell: Call Imp
  1753 | D:2      | Learned a level 2 spell: Blink
  1757 | D:2      | Learned a level 3 spell: Conjure Flame
  2052 | D:2      | Reached skill level 1 in Armour
  2162 | D:2      | Found a white marble altar of Elyvilon.
  2352 | D:3      | Found a glowing drain.
  2361 | Sewer    | Entered a sewer
  2401 | Sewer    | Reached skill level 1 in Fighting
  2712 | Sewer    | Reached XP level 4. HP: 25/25 MP: 5/13
  2742 | Sewer    | Noticed a necrophage
  2875 | Sewer    | Killed a necrophage
  3107 | Sewer    | Noticed Grinder
  3122 | Sewer    | Paralysed by Grinder for 2 turns
  3269 | Sewer    | Reached skill level 1 in Shields
  3269 | Sewer    | Reached skill level 6 in Spellcasting
  3269 | Sewer    | Reached XP level 5. HP: 25/29 MP: 8/15
  3349 | Sewer    | Paralysed by Grinder for 6 turns
  3377 | Sewer    | Killed Grinder
  3378 | Sewer    | Reached skill level 7 in Spellcasting
  3378 | Sewer    | Reached skill level 1 in Fire Magic
  3378 | Sewer    | Reached XP level 6. HP: 34/34 MP: 11/18
  3605 | Sewer    | Found an ancient bone altar of Kikubaaqudgha.
  4052 | D:3      | Found a basalt altar of Yredelemnul.
  4117 | D:3      | Reached skill level 1 in Evocations
  4236 | D:3      | Reached XP level 7. HP: 38/38 MP: 1/20
  4397 | D:3      | Reached skill level 1 in Poison Magic
  4401 | D:3      | Reached skill level 1 in Air Magic
  4432 | D:3      | Reached skill level 8 in Spellcasting
  5103 | D:3      | Found a shimmering blue altar of Sif Muna.
  6087 | D:4      | Noticed Pikel
  6101 | D:4      | Killed Pikel
  6102 | D:4      | Reached skill level 9 in Spellcasting
  6102 | D:4      | Reached skill level 5 in Conjurations
  6102 | D:4      | Reached XP level 8. HP: 37/45 MP: 9/23
  6179 | D:4      | Found a bloodstained altar of Trog.
  6273 | D:4      | Noticed Ijyb
  6291 | D:4      | Killed from afar by Ijyb

Illustrated notes

Levels and vault maps discovered:
D:1:      minmay_arrival_arboretum_small, layout_basic, basic_ecumenical_altar
D:2:      layout_basic, basic_altar
D:3:      lemuel_castle_with_subvaults [lemuel_castle_interior_carwin_1],
          layout_loops_cross, lemuel_coloured_pillars_altar,
          yredelemnul_altar_generic, portal_sewer_entry_f, minmay_crystal_room
D:4:      minmay_chambers_of_twos, layout_loops_cross, old_standard_altar,
          serial_shops, shop, kennysheep_another_room, minmay_joined_circles,
          uniq_ijyb, uniq_pikel

Skill      XL: |  1  2  3  4  5  6  7 |
---------------+----------------------+-----
Spellcasting   | 5 6 7 9 |  9.7
Armour         | 1 |  1.0
Fighting       | 1 2 |  2.5
Conjurations   | 2 3 5 |  5.0
Dodging        | 3 |  3.1
Shields        | 1 |  1.0
Stealth        | 3 |  3.3
Fire Magic     | 1 2 3 |  3.9
Evocations     | 1 |  1.0
Poison Magic   | 1 |  1.2
Air Magic      | 1 |  1.0
Summonings     | |  1.1
Translocations | |  1.1

Action                   |  1- 3 |  4- 6 |  7- 9 || total
-------------------------+-------+-------+-------++-------
Melee: Dagger            |    30 |       |       ||    30
       Scimitar          |       |     9 |    23 ||    32
 Fire: Hand crossbow     |       |    15 |       ||    15
 Cast: Magic Dart        |   124 |    98 |   178 ||   400
       Call Imp          |     2 |    10 |     4 ||    16
       Mephitic Cloud    |     1 |     1 |     7 ||     9
       Conjure Flame     |       |     4 |     6 ||    10
       Blink             |       |       |     1 ||     1
  Use: Scroll            |       |     2 |     1 ||     3
 Stab: Confused          |     1 |       |     1 ||     2
       Sleeping          |       |       |     1 ||     1
Armor: Robe              |    19 |     6 |       ||    25
       Leather armour    |       |       |     9 ||     9
Dodge: Dodged            |    52 |    29 |    21 ||   102
       Rpst.: Scimitar   |       |     2 |     6 ||     8

Table legend: (Time is in decaauts)
 A = Elapsed time spent in this place.
 B = Non-inter-level travel time spent in this place.
 C = Inter-level travel time spent in this place.
 D = Time resting spent in this place.
 E = Time spent auto-exploring this place.
 F = Levels seen in this place.
 G = Mean time per level.
                   A        B        C        D        E       F      G
               +--------+--------+--------+--------+--------+-----+--------+
         Total |   6333 |   6251 |     82 |    720 |   4268 |   5 | 1266.6 |
       Dungeon |   4887 |   4805 |     82 |    186 |   3691 |   4 | 1221.8 |
         Sewer |   1445 |   1445 |      0 |    534 |    577 |   1 | 1445.0 |
               +--------+--------+--------+--------+--------+-----+--------+

Top non-repeatable levels by time:
     D:3: 2327 daAuts
   Sewer: 1445 daAuts
     D:1: 1390 daAuts
     D:2: 873 daAuts
     D:4: 295 daAuts
